 Dungeon Crawl Stone Soup version 0.18-a0-1774-gce1f7b6 (webtiles) character file.

583 Duffy the Chopper (level 7, -1/50 HPs)
             Began as a Formicid Skald on Apr 15, 2016.
             Was a Priest of Cheibriados.
             Slain by Menkaure (4 damage)
             ... on level 5 of the Dungeon.
             The game lasted 00:06:25 (5057 turns).

Duffy the Chopper (Formicid Skald)                  Turns: 5057, Time: 00:06:26

Health: -1/50      AC:  9    Str: 25    XL:     7   Next: 64%
Magic:  10/10      EV:  8    Int: 17    God:    Cheibriados [***...]
Gold:   184        SH:  0    Dex: 16    Spells: 1 memorised, 9 levels left

rFire  . . .     SeeInvis +     y - +0 war axe (chop)
rCold  . . .     Gourm    +     n - +0 chain mail
rNeg   . . .     Faith    .     (no shield)
rPois  .         Spirit   .     (helmet unavailable)
rElec  .         Dismiss  .     (no cloak)
rCorr  .         Reflect  .     (no gloves)
SustAt .         Harm     .     (no boots)
MR     .....                    g - amulet of the gourmand
Stlth  ..........               (no ring)
                                (no ring)

@: very slow, not resistant to hostile enchantments, extremely unstealthy
A: permanent stasis, dig shafts and tunnels, four strong arms, antennae 3
a: Dig, Shaft Self, Bend Time, Temporal Distortion, Renounce Religion


You were on level 5 of the Dungeon.
You worshipped Cheibriados.
Cheibriados was most pleased with you.
You were not hungry.

You visited 1 branch of the dungeon, and saw 5 of its levels.

You collected 184 gold pieces.


Innate Abilities, Weirdness & Mutations

You are under a permanent stasis effect.
You can dig through walls and to a lower floor.
Your four strong arms can wield two-handed weapons with a shield.
You have a pair of large antennae on your head (SInv).


   Skills:
 - Level 2.1 Fighting
 + Level 6.5 Axes
 - Level 3.2 Armour
 - Level 0.8 Dodging
 - Level 2.1 Spellcasting
 - Level 3.0 Charms
 + Level 3.6 Invocations


You had 9 spell levels left.
You knew the following spells:

 Your Spells              Type           Power        Failure   Level  Hunger
a - Infusion              Chrm           ##..         38%         1    #......

Inventory:

Hand Weapons
 m - a +0 war axe
 q - a +0 blowgun
 y - a +0 war axe of chopping (weapon)
Missiles
 s - 11 poisoned needles
 v - 7 tomahawks (quivered)
Armour
 n - a +0 chain mail (worn)
 A - a +0 cloak
Jewellery
 g - an amulet of the gourmand (around neck)
 u - an uncursed amulet of dismissal
Wands
 a - a wand of acid (9/15)
 b - a wand of flame (37/48)
 w - a wand of lightning (7/15)
Scrolls
 e - a scroll of amnesia {unknown}
 f - 2 scrolls of recharging {unknown}
 h - 2 scrolls of remove curse
 i - a scroll of fear {unknown}
 j - a scroll of identify
 l - a scroll of enchant armour {unknown}
 t - a scroll of noise {unknown}
Potions
 k - a potion of cure mutation
 p - a potion of curing
 z - 2 potions of flight
Books
 c - a book of Battle
Comestibles
 d - 2 bread rations
 o - 2 meat rations
 r - a slice of pizza
 x - a beef jerky

Dungeon Overview and Level Annotations

Branches:
Dungeon (5/15)             Temple (0/1) D:4

Altars:
Ashenzari
Cheibriados
Trog
Yredelemnul

Annotations:
D:5 Menkaure


Message History

You are too injured to fight recklessly!
You are too injured to fight recklessly!
You completely miss Menkaure.
Your chain mail prevents you from hitting the orc.
The orc is heavily wounded.
You hit the orc.
You kill the orc!
Cheibriados thoroughly appreciates the change of pace.
You hit the orc wizard.
You kill the orc wizard!
Cheibriados thoroughly appreciates the change of pace.
Menkaure hits you but does no damage. The orc hits you but does no damage.
Menkaure hits you.
You slash Menkaure!
Menkaure is heavily damaged.
You hit the orc but do no damage.
The orc is heavily wounded.
The orc barely misses you. Menkaure barely misses you.
You barely miss Menkaure.
Menkaure is heavily damaged.
You closely miss the orc.
The orc is heavily wounded.
Menkaure hits you but does no damage. The orc hits you but does no damage.
Menkaure hits you!!
You hit Menkaure.
Menkaure is severely damaged.
You hit the orc.
You kill the orc!
Cheibriados appreciates the change of pace.
You can now warp the flow of time around you.
Menkaure hits you but does no damage.
You closely miss Menkaure.
Menkaure is severely damaged.
Menkaure barely misses you. Menkaure hits you.
You die...

#. >.. #...######
......M..##########
.>....)@..........#
#..###)).......##.#
.....:#.#####.##.#
..####...####.##.######
###..................
.......####.##)######
#.###.## #.##.# #.# #.#
###.##.## #.#
#.###.)##...##


You could see Menkaure.

Action                   |  1- 3 |  4- 6 |  7- 9 || total
-------------------------+-------+-------+-------++-------
Melee: Hand axe          |    76 |       |       ||    76
       War axe           |    31 |   201 |    56 ||   288
Throw: Tomahawk          |       |     4 |       ||     4
 Abil: Dig               |     2 |     5 |     1 ||     8
  Use: Scroll            |       |    10 |       ||    10
       Potion            |       |     2 |       ||     2
  Eat: Chunk             |     2 |     7 |     1 ||    10
Armor: Leather armour    |     9 |       |       ||     9
       Ring mail         |    18 |       |       ||    18
       Chain mail        |    18 |   162 |    47 ||   227
Dodge: Dodged            |    57 |   101 |    34 ||   192

Notes
Turn   | Place    | Note
--------------------------------------------------------------
     0 | D:1      | Duffy the Formicid Skald began the quest for the Orb.
     0 | D:1      | Reached XP level 1. HP: 16/16 MP: 3/3
   423 | D:1      | Reached XP level 2. HP: 22/22 MP: 5/5
   447 | D:1      | Reached skill level 3 in Axes
  1018 | D:1      | Reached XP level 3. HP: 27/27 MP: 6/6
  1476 | D:2      | Found a basalt altar of Yredelemnul.
  1596 | D:2      | Reached skill level 4 in Axes
  1596 | D:2      | Reached XP level 4. HP: 22/33 MP: 7/7
  1871 | D:2      | Found a snail-covered altar of Cheibriados.
  1886 | D:2      | Became a worshipper of Cheibriados the Contemplative
  2307 | D:2      | Noticed a moth of wrath
  2309 | D:2      | Found a bloodstained altar of Trog.
  2609 | D:3      | Reached XP level 5. HP: 33/38 MP: 8/8
  2612 | D:3      | Reached * piety under Cheibriados
  2948 | D:3      | Reached skill level 1 in Invocations
  2958 | D:3      | Reached skill level 5 in Axes
  3680 | D:4      | Found a staircase to the Ecumenical Temple.
  3824 | D:4      | Reached ** piety under Cheibriados
  3824 | D:4      | Reached skill level 2 in Invocations
  3862 | D:4      | Reached XP level 6. HP: 44/44 MP: 9/9
  3902 | D:4      | Reached skill level 3 in Invocations
  3999 | D:4      | Noticed an ogre
  4010 | D:4      | Killed an ogre
  4010 | D:4      | Reached skill level 2 in Armour
  4534 | D:4      | Reached skill level 6 in Axes
  4534 | D:4      | Reached XP level 7. HP: 49/50 MP: 10/10
  4903 | D:5      | Entered Level 5 of the Dungeon
  4917 | D:5      | Found a shattered altar of Ashenzari.
  4923 | D:5      | Reached skill level 3 in Armour
  5046 | D:5      | Noticed Menkaure
  5056 | D:5      | Reached *** piety under Cheibriados
  5057 | D:5      | Slain by Menkaure

Vault maps used:
D:1:      nagdon_arrival_double_spiral, roderic_lattice_a
D:2:      yredelemnul_forgotten_temple_becter, cheibriados_altar_1, first_bread,
          tgw_trog
D:4:      minmay_temple_entry_grid, glass_columns_c
D:5:      lemuel_round_altar, kennysheep_mini, led_xom_imps,
          nicolae_overflow_crystal_walls, kennysheep_decorative_pillar,
          serial_bayou_pond_d, hangedman_decor_riveting, uniq_menkaure,
          uniq_sigmund, uniq_edmund

Vanquished Creatures
  An ogre
  4 hounds
  2 orc priests
  4 orc wizards
  A worker ant
  2 hound skeletons
  6 adders
  A shadow imp
  An adder skeleton
  3 worms
  A dart slug
  2 giant geckos
  14 orcs
  2 giant cockroaches
  8 goblins
  9 hobgoblins
  4 jackals
  A quokka
  A ball python
  7 bats
  A giant gecko skeleton
  6 giant newts
  8 kobolds
  10 rats
  A spectral orc
100 creatures vanquished.
